 Dungeon Crawl Stone Soup version 0.27-a0-1324-ge0d8e047f6 (webtiles) character file.

Game seed: 13769261582515084111

42 Araneus the Cudgeller (level 3, 0/29 HPs)
             Began as a Demonspawn Fighter on June 23, 2021.
             Succumbed to a killer bee's poison
             ... on level 4 of the Dungeon.
             The game lasted 00:02:20 (1227 turns).

Araneus the Cudgeller (Demonspawn Fighter)          Turns: 1227, Time: 00:02:20

Health: 0/29       AC:  6    Str: 17    XL:     3   Next: 33%
Magic:  3/3        EV:  6    Int:  9    God:
Gold:   43         SH:  8    Dex: 12    Spells: 2/2 levels left

rFire    . . .     SeeInvis +   a - +0 flail
rCold    . . .     Faith    .   c - +0 kite shield
rNeg     . . .     Spirit   .   b - +0 scale mail
rPois    .         Reflect  .   (no helmet)
rElec    .         Harm     .   (no cloak)
rCorr    .         Rampage  .   (no gloves)
Will     .....                  (no boots)
Stlth    ..........             (no amulet)
HPRegen  0.09/turn              h - ring of see invisible
MPRegen  0.08/turn              (no ring)

@: lethally poisoned (0 -> -3)
A: hooves 1, demonic magic 1
a: no special abilities


You were on level 4 of the Dungeon.
You visited 1 branch of the dungeon, and saw 3 of its levels.

You collected 43 gold pieces.

Inventory:

Hand Weapons
 a - a +0 flail (weapon)
Armour
 b - a +0 scale mail (worn)
 c - a +0 kite shield (worn)
Jewellery
 h - a ring of see invisible (left hand)
Scrolls
 g - a scroll of identify
Potions
 d - a potion of might
 e - a potion of attraction
 f - a potion of heal wounds {unknown}
 i - a potion of lignification {unknown}
 j - a potion of experience {unknown}


   Skills:
 - Level 3.0 Fighting
 + Level 3.4 Maces & Flails
 - Level 2.6 Armour
 - Level 2.6 Shields


You had 2 spell levels left.
You didn't know any spells.
Your spell library was empty.

Dungeon Overview and Level Annotations

Branches:
Dungeon (2/15)

Altars:


Innate Abilities, Weirdness & Mutations

You have large cloven feet.
Spells you cast may paralyse adjacent enemies.


Message History

No target in view!
No target in view!
A worm comes into view.
You fall into a shaft and drop 2 floors!
The shaft crumbles and collapses.
A killer bee comes into view.
The killer bee buzzes angrily.
A killer bee comes into view.
The killer bee buzzes angrily.
A killer bee comes into view.
The killer bee buzzes angrily.
A killer bee comes into view.
The killer bee buzzes angrily.
Found 8 gold pieces, a tapered bronze wand and a potion of might. 2 killer bees and 2 skeletons come into view.
As you read the scroll labelled KOIZU BOUWAURPH, it crumbles to dust.
It is a scroll of identify.
e - a potion of attraction The killer bee stings you.
You are poisoned.
The killer bee poisons you! The killer bee stings you.
You feel sick.
The killer bee stings you but does no damage.
You block the killer bee's attack.
You feel sick. The killer bee stings you! The killer bee stings you.
* * * LOW HITPOINT WARNING * * *
* * * LOW HITPOINT WARNING * * *
You feel sick.
The killer bee stings you but does no damage.
The killer bee barely misses you.
* * * LOW HITPOINT WARNING * * *
You feel sick.
The killer bee stings you but does no damage.
* * * LOW HITPOINT WARNING * * *
You feel sick. The killer bee closely misses you.
You block the killer bee's attack.
As you read the scroll labelled DAMYUS VENLIR, it crumbles to dust.
You feel aware of your surroundings.
You sensed 1 altar.
It was a scroll of magic mapping.
You die...

*****,,,,,**,***,,**
*,,,,,,,,,,*,****+** *
*,,,,,,,,,,*,,,*,,,* *
*,,,,,,,,..#,,,*,,,* *
*,,,,,,,...#,,,*,,,* *
*,,,,,,,...+,,,*,,,* *
*****,,,,,,,...###**..#* *
*,,,,**+###+#....#*#..#** *
*,,,,*,,#.@.#....#....!,***
*,,,,+..#.yy+....+.....,,**
*,,,,#....y.yZ.........,,,,
***+*#......y..........,,,,
*,,...................,,,,
*,....................,,,,
*,.............Z......,,,,
**###.................,,,,
*,,,...............$..,,,,


You could see 5 killer bees, an adder skeleton and a hound skeleton.

Vanquished Creatures
  A gnoll (D:1)
  4 ball pythons (D:1)
  2 bats (D:1)
  An endoplasm (D:1)
  A giant cockroach (D:1)
  3 goblins (D:1)
  2 hobgoblins
  3 jackals (D:1)
  3 kobolds (D:1)
  2 frilled lizards (D:1)
  9 rats (D:1)
31 creatures vanquished.

Notes
Turn   | Place    | Note
-------+----------+-------------------------------------------
     0 | D:1      | Araneus the Demonspawn Fighter began the quest for the Orb.
     0 | D:1      | Reached XP level 1. HP: 18/18 MP: 1/1
   192 | D:1      | Gained mutation: Spells you cast may paralyse adjacent
                  | enemies. [demonic ancestry]
   192 | D:1      | Reached XP level 2. HP: 16/24 MP: 2/2
   674 | D:1      | Gained mutation: You have large cloven feet. [demonic
                  | ancestry]
   674 | D:1      | Reached XP level 3. HP: 29/29 MP: 3/3
  1220 | D:2      | You fall into a shaft and drop 2 floors!
  1220 | D:4      | Noticed a killer bee
  1220 | D:4      | Noticed a killer bee
  1220 | D:4      | Noticed a killer bee
  1220 | D:4      | Noticed a killer bee
  1221 | D:4      | Noticed a killer bee
  1221 | D:4      | Noticed a killer bee
  1226 | D:4      | HP: 1/29 [poisoned by a killer bee]
  1227 | D:4      | Succumbed to a killer bee's poison

Illustrated notes

Levels and vault maps discovered:
D:1:      dpeg_arrival_ratfight, layout_basic, hangedman_abyss_or_decor_stabs,
          minmay_pentomino_p2
D:2:      minmay_evil_eye, layout_basic, basic_ecumenical_altar, serial_rivers,
          chequers_serial_rivers_micro_a, chequers_serial_rivers_room_a,
          chequers_serial_rivers_large_b, chequers_serial_rivers_micro_b,
          chequers_serial_rivers_micro_b, minivault_27, uniq_jessica
D:4:      layout_gridville, cheibriados_altar_1, wad_floor_pattern_1

Skill      XL: |  1  2 |
---------------+-------+-----
Maces & Flails | 2 3 |  3.4
Fighting       | |  3.0
Armour         | |  2.6
Shields        | |  2.6

Action                   || total
-------------------------++-------
Melee: Flail             ||    84
       Kick              ||     4
  Use: Scroll            ||     2
Armor: Scale mail        ||    55
Dodge: Dodged            ||    19
Block: Kite shield       ||    50

Table legend: (Time is in decaauts)
 A = Elapsed time spent in this place.
 B = Non-inter-level travel time spent in this place.
 C = Inter-level travel time spent in this place.
 D = Time resting spent in this place.
 E = Time spent auto-exploring this place.
 F = Levels seen in this place.
 G = Mean time per level.
                   A        B        C        D        E       F      G
               +--------+--------+--------+--------+--------+-----+--------+
         Total |   1270 |   1212 |     58 |      0 |    990 |   3 |  423.3 |
       Dungeon |   1270 |   1212 |     58 |      0 |    990 |   3 |  423.3 |
               +--------+--------+--------+--------+--------+-----+--------+

Top non-repeatable levels by time:
     D:1: 1248 daAuts
     D:2: 15 daAuts
     D:4: 6 daAuts
